 Dungeon Crawl Stone Soup version 0.30-a0-840-ga523dec638 (webtiles) character file.

Game seed: 39881308103332182

352 cforsyth the Sneak (level 6, -1/38 HPs)
             Began as a Kobold Brigand on Mar 2, 2023.
             Was an Initiate of Hepliaklqana.
             Slain by a gnoll
             ... wielding a +0 whip
             ... led by a gnoll bouda
              (8 damage)
             ... on level 4 of the Dungeon.
             The game lasted 00:04:53 (3678 turns).

cforsyth the Sneak (Kobold Brigand)                 Turns: 3678, Time: 00:04:53

Health: -1/38      AC:  3    Str:  7 (8)  XL:     6   Next: 94%
Magic:  6/6        EV: 16    Int: 10 (12) God:    Hepliaklqana [......]
Gold:   242        SH:  0    Dex: 20 (21) Spells: 5/5 levels left

rFire   . . .      SeeInvis .    a - +2 dagger
rCold   . . .      Faith    .    (no shield)
rNeg    . . .      Spirit   .    b - +0 robe
rPois   .          Reflect  .    (no helmet)
rElec   .          Harm     .    c - +0 cloak
rCorr   .          Rampage  .    (no gloves)
Will    .....      Clarity  +    (no boots)
Stlth   ++++++                   (no amulet)
HPRegen 0.26/turn                (no ring)
MPRegen 0.10/turn                (no ring)

@: mighty, flying
A: small, no large weapons, nightstalker 3, thin skeletal structure 1, clarity
a: Renounce Religion


You were on level 4 of the Dungeon.
You worshipped Hepliaklqana.
Hepliaklqana was noncommittal.
You visited 2 branches of the dungeon, and saw 5 of its levels.

You collected 242 gold pieces.

Inventory:

Hand Weapons
 a - a +2 dagger (weapon)
Missiles
 d - 23 poisoned darts (quivered)
 e - 3 curare-tipped darts
 q - 2 datura-tipped darts
 r - 5 atropa-tipped darts
Armour
 b - a +0 robe (worn)
 c - a +0 cloak (worn)
 u - the +4 cloak of the Bagpipe {Fly rPois rF- Str+5 Dex-3}
   (You found it on level 3 of the Dungeon)

   Str:       It affects your strength (+5).
   Dex:       It affects your dexterity (-3).
   rF:        It makes you vulnerable to fire.
   rPois:     It protects you from poison.
   Fly:       It grants you flight.
Wands
 s - a wand of mindburst (12)
Scrolls
 f - a scroll of enchant weapon {unknown}
 h - a scroll of teleportation {unknown}
 k - a scroll of fear {unknown}
 l - a scroll of vulnerability {unknown}
 m - 2 scrolls of poison {unknown}
 n - 2 scrolls of identify {unknown}
 v - a scroll of magic mapping {unknown}
Potions
 g - a potion of might
 i - a potion of haste
 o - a potion of degeneration
 t - a potion of curing


   Skills:
 + Level 4.1 Fighting
 + Level 5.1 Short Blades
 - Level 2.1 Throwing
 + Level 3.9 Dodging
 + Level 7.0 Stealth


You had 5 spell levels left.
You didn't know any spells.
Your spell library contained the following spells:

 Spells                   Type           Power      Damage    Failure   Level
 Shock                    Conj/Air       0%         1d3       36%         1
 Ignite Poison            Fire/Tmut/Pois 0%         N/A       75%         3
 Kindle Blastsparks       Fire/Tloc/Air  0%         2d10      75%         3
 Swiftness                Air            0%         N/A       75%         3
 Airstrike                Air            0%         2d(0-16)  98%         4
 Freezing Cloud           Conj/Ice/Air   0%         6-21      100%        5


Dungeon Overview and Level Annotations

Branches:
Dungeon (4/15)             Temple (1/1) D:4

Altars:
Ashenzari
Cheibriados
Dithmenos
Fedhas
Gozag
Hepliaklqana
Kikubaaqudgha
Makhleb
Nemelex Xobeh
Okawaru
Qazlal
Ru
Sif Muna
Uskayaw
Wu Jian
Xom
Yredelemnul
Zin

Annotations:
D:3 2 runed translucent doors


Innate Abilities, Weirdness & Mutations

You are small and have problems with some larger weapons.
You are completely attuned to the shadows.
You have a somewhat thin skeletal structure. (Dex +2, Stealth+)
You possess an exceptional clarity of mind.


Message History

The gnoll bouda barks out a call to the hunt!
The gnolls pick up the pace!
The gnoll attacks as you move away! The gnoll hits you but does no damage.
The gnoll misses you. The gnoll misses you. The gnoll attacks as you move away!
The gnoll hits you with a +0 whip. The gnoll attacks as you move away!
The gnoll hits you but does no damage. The gnoll hits you with a +0 whip.
The gnoll closely misses you.
Your attacks no longer feel as feeble.
The gnoll attacks as you move away! The gnoll hits you with a +0 club.
The gnoll hits you with a +0 whip.
* * * LOW HITPOINT WARNING * * *
The gnoll attacks as you move away! The gnoll misses you.
The gnoll hits you with a +0 club!
* * * LOW HITPOINT WARNING * * *
It was a potion of degeneration.
There was something very wrong with that liquid.
You feel weakened.
You feel dopey.
You feel clumsy. The gnoll misses you.
It was a potion of flight.
You feel very buoyant.
You fly up into the air.
The gnoll barely misses you. x2
The gnoll bouda barely misses you.
It was a potion of curing.
You feel better.
The gnoll is no longer moving quickly.
The gnoll closely misses you. The gnoll hits you with a +0 club.
* * * LOW HITPOINT WARNING * * *
The gnoll bouda closely misses you.
It was a potion of might.
You feel very mighty all of a sudden.
The gnoll is no longer moving quickly.
The gnoll hits you with a +0 whip.
* * * LOW HITPOINT WARNING * * *
The gnoll barely misses you.
The gnoll bouda hits you with a +0 club.
* * * LOW HITPOINT WARNING * * *
It was a potion of mutation.
You feel extremely strange.
Your bones become slightly less dense.
Your thoughts seem clearer.
The gnoll hits you with a +0 whip!
You die...

#.....#.# #.................
#..<..# #.................
#.#.#.# #.................
#.#...# #..........>......
#.#.### #.................
#.....# #.................
###.#.#.# #.................
####.#.#.#######gg...........(...
.....#.#.#....##@g...............
####...#.#.##.##.................
...#.##.....#.#..................
##.#.##..####.#.....>............
#.#............######.#.##.#####
#.#......##....#### #.#.##.#
#.#......#........# #.#.##.#
#.#.....#.........# #.#.##.#####
#.#.###...........# #.#....#....


You could see a gnoll bouda and 2 gnolls.

Vanquished Creatures
  Sigmund (D:3)
  A scorpion (D:4)
  Ijyb (D:3)
  6 adders
  A dart slug (D:4)
  An orc (D:3)
  6 bats
  9 endoplasms
  A giant cockroach (D:1)
  8 goblins
  4 hobgoblins
  3 quokkas
  7 ball pythons
  4 frilled lizards
  6 kobolds
  5 rats
64 creatures vanquished.

Notes
Turn   | Place    | Note
-------+----------+-------------------------------------------
     0 | D:1      | cforsyth the Kobold Brigand began the quest for the Orb.
     0 | D:1      | Reached XP level 1. HP: 12/12 MP: 1/1
    87 | D:1      | Reached XP level 2. HP: 11/18 MP: 2/2
   474 | D:2      | Reached XP level 3. HP: 22/22 MP: 3/3
   632 | D:2      | You fall into a shaft and drop 2 floors!
   824 | D:3      | Reached XP level 4. HP: 27/27 MP: 4/4
   853 | D:3      | Found a shadowy altar of Dithmenos.
   948 | D:2      | Found a shimmering altar of Xom.
   956 | D:2      | Identified the +5 sling of Dissent {elec, Contam Int+2
                  | Stlth+}
  1133 | D:3      | Noticed Sigmund
  1308 | D:3      | Found an opulent altar of Gozag.
  1315 | D:3      | Found a hide-covered altar of Uskayaw.
  1324 | D:3      | Found an iron altar of Okawaru.
  1327 | D:3      | Found a shimmering altar of Xom.
  1330 | D:3      | Found a sacrificial altar of Ru.
  1349 | D:3      | Reached skill level 6 in Stealth
  1416 | D:3      | Found a faded altar of an unknown god.
  1449 | D:3      | Found a shimmering blue altar of Sif Muna.
  1464 | D:3      | Noticed Ijyb
  1468 | D:3      | Killed Ijyb
  1469 | D:3      | Reached XP level 5. HP: 32/32 MP: 5/5
  1580 | D:3      | Identified the +4 cloak of the Bagpipe {Fly rPois rF- Str+5
                  | Dex-3}
  1999 | D:3      | Found a large runed translucent door.
  1999 | D:3      | Found a large runed translucent door.
  2156 | D:3      | Killed Sigmund
  2157 | D:3      | Reached XP level 6. HP: 38/38 MP: 6/6
  3131 | D:4      | Reached skill level 5 in Short Blades
  3131 | D:4      | Reached skill level 7 in Stealth
  3220 | D:4      | Found a staircase to the Ecumenical Temple.
  3226 | Temple   | Entered the Ecumenical Temple
  3474 | Temple   | Became a worshipper of Hepliaklqana the Forgotten
  3678 | D:4      | Gained mutation: You have a somewhat thin skeletal
                  | structure. (Dex +2, Stealth+) [potion of mutation]
  3678 | D:4      | Gained mutation: You possess an exceptional clarity of
                  | mind. [potion of mutation]
  3678 | D:4      | Slain by a gnoll

Illustrated notes

Levels and vault maps discovered:
D:1:      co_arrival_square_in_a_square_in_a_square, layout_rooms
D:2:      layout_rooms, basic_altar
D:3:      layout_loops_cross, mainiacjoe_overflow_catwalk,
          nicolae_overflow_hallway_of_the_gods, ebering_ghost_disaster_area,
          ebering_ecumenical_altar_hall, uniq_sigmund, uniq_ijyb
D:4:      layout_basic, minmay_temple_entry_wispy
Temple:   nicolae_temple_bog_church

Skill      XL: |  1  2  3  4  5  6 |
---------------+-------------------+-----
Short Blades   | 3 4 5 |  5.1
Dodging        | 2 3 |  3.9
Fighting       | 3 4 |  4.1
Stealth        | 6 7 |  7.0
Throwing       | |  2.1

Action                     |  1- 3 |  4- 6 || total
---------------------------+-------+-------++-------
  Melee: Dagger            |    47 |    98 ||   145
         Punch             |       |     1 ||     1
    Use: Potion            |       |     6 ||     6
   Stab: Sleeping          |    18 |    19 ||    37
         Distracted        |       |     3 ||     3
 Armour: Robe              |     7 |    10 ||    17
  Dodge: Dodged            |    17 |    64 ||    81

Table legend: (Time is in decaauts)
 A = Elapsed time spent in this place.
 B = Non-inter-level travel time spent in this place.
 C = Inter-level travel time spent in this place.
 D = Time resting spent in this place.
 E = Time spent auto-exploring this place.
 F = Levels seen in this place.
 G = Mean time per level.
                   A        B        C        D        E       F      G
               +--------+--------+--------+--------+--------+-----+--------+
         Total |   3648 |   3490 |    158 |    616 |   2349 |   5 |  729.6 |
       Dungeon |   3373 |   3224 |    149 |    616 |   2100 |   4 |  843.2 |
        Temple |    274 |    265 |      9 |      0 |    249 |   1 |  274.0 |
               +--------+--------+--------+--------+--------+-----+--------+

Top non-repeatable levels by time:
     D:3: 1436 daAuts
     D:4: 879 daAuts
     D:2: 594 daAuts
     D:1: 462 daAuts
  Temple: 274 daAuts
